 Dungeon Crawl Stone Soup version 0.28-a0-1130-gc51a68064b (webtiles) character file.

Game seed: 8714387736303952082

7 ducksouse the Shield-Bearer (level 1, 0/20 HPs)
             Began as a Minotaur Fighter on Dec 12, 2021.
             Was a Follower of the Shining One.
             Succumbed to a goblin's poison
             ... on level 1 of the Dungeon.
             The game lasted 00:01:17 (600 turns).

ducksouse the Shield-Bearer (Minotaur Fighter)       Turns: 600, Time: 00:01:18

Health: 0/20       AC:  7    Str: 20    XL:     1   Next: 83%
Magic:  0/0        EV:  9    Int:  5    God:    the Shining One [*.....]
Gold:   23         SH:  4    Dex:  9    Spells: 0/0 levels left

rFire   . . .      SeeInvis .   a - +0 long sword
rCold   . . .      Faith    .   c - +0 buckler
rNeg    . . .      Spirit   .   b - +0 scale mail
rPois   .          Reflect  .   (helmet restricted)
rElec   .          Harm     .   (no cloak)
rCorr   .          Rampage  .   (no gloves)
Will    .....                   (no boots)
Stlth   ..........              (no amulet)
HPRegen 0.06/turn               (no ring)
MPRegen 0.07/turn               (no ring)

@: lethally poisoned (0 -> -21), glowing
A: horns 2, retaliatory headbutt
a: Renounce Religion, Divine Shield


You were on level 1 of the Dungeon.
You worshipped the Shining One.
The Shining One was aware of your devotion.
You visited 1 branch of the dungeon, and saw 2 of its levels.

You collected 23 gold pieces.

Inventory:

Hand Weapons
 a - a +0 long sword (weapon)
Armour
 b - a +0 scale mail (worn)
 c - a +0 buckler (worn)
Scrolls
 f - 3 scrolls of holy word {unknown}
 h - 2 scrolls of identify {unknown}
 i - a scroll of blinking {unknown}
Potions
 d - a potion of might
 e - a potion of flight {unknown}
 g - a potion of invisibility {unknown}


   Skills:
 + Level 3.8 Fighting
 + Level 2.6 Long Blades
 + Level 3.8 Armour
 + Level 3.8 Shields


You couldn't memorise any spells.
You didn't know any spells.
Your spell library was empty.

Dungeon Overview and Level Annotations

Branches:
Dungeon (2/15)

Altars:
The Shining One

Annotations:
D:2 Robin


Innate Abilities, Weirdness & Mutations

You have a pair of horns on your head.
You reflexively headbutt those who attack you in melee.


Message History

No target in view!
Done exploring.
Done exploring.
Done exploring.
Done exploring.
You see here a +0 dagger.
There is a stone staircase leading down here.
You climb downwards.
There is a stone staircase leading up here.
A goblin comes into view. It is wielding a +0 club.
The goblin shouts!
You hear a shout! x2 2 hobgoblins come into view.
The hobgoblin shouts!
You hear a shout! x2
A hobgoblin comes into view.
The goblin hits you but does no damage.
You slash the goblin!
You kill the goblin!
Robin of the Strong Arm comes into view.
They are wielding a +0 dagger.
You barely miss the hobgoblin. Robin throws the goblin at you!
The hobgoblin hits you.
You slash the hobgoblin!
You kill the hobgoblin!
The goblin hits you with a +0 club. Robin throws the goblin at you!
The goblin hits you but does no damage.
Robin roars a battlecry!
The goblins go into a battle-frenzy!
The goblin barely misses you. You furiously retaliate!
You headbutt the goblin!
You kill the goblin!
Things that are here:
a +0 club; a goblin corpse
There is a stone staircase leading up here.
You barely miss the goblin.
The goblin hits you with a +0 dagger of venom.
You are lethally poisoned!
You feel very sick.
The goblin hits you with a +0 dagger of venom.
* * * LOW HITPOINT WARNING * * *
You are more poisoned.
You climb upwards.
You die...

...#.######### #.#...##...#
####.........# #8.P..#.P8.#
.....##......# #_.##...##.#
###...#......# ##8.##.###.#
##.#........# ########..#
#......#....# ### ###..#
#......#....# #.# #.#..#
##......#.######.#####...##
................@..)...###
###.######.#####g####### #
#.# #..# #.# # #.# ##.# #.#
# #.# #.# #.# # #.# #.# #.#
###.#######.# #.#
............## #.#
###.######...# #.#


You could see a goblin (strong).

Vanquished Creatures
  3 goblins
  A hobgoblin (D:2)
  A kobold (D:1)
  A rat (D:1)
6 creatures vanquished.

Vanquished Creatures (others)
  2 fungi (D:1)
2 creatures vanquished.

Grand Total: 8 creatures vanquished

Notes
Turn   | Place    | Note
-------+----------+-------------------------------------------
     0 | D:1      | ducksouse the Minotaur Fighter began the quest for the Orb.
     0 | D:1      | Reached XP level 1. HP: 19/19 MP: 0/0
   554 | D:1      | Found a faded altar of an unknown god.
   559 | D:1      | Prayed at the altar of an unknown god.
   559 | D:1      | Became a worshipper of the Shining One
   559 | D:1      | Reached * piety under the Shining One
   589 | D:2      | Noticed Robin
   600 | D:1      | Succumbed to a goblin's poison

Illustrated notes

Levels and vault maps discovered:
D:1:      nzn_arrival_depleted_hourglass, layout_basic,
          shapermc_ecumenical_altar_petra
D:2:      layout_loops_corners, serial_undead, serial_undead_b, serial_undead_f,
          serial_undead_a, serial_undead_e, serial_undead_d,
          hangedman_decor_riveting, amcnicky_mini_pool_small, uniq_robin,
          uniq_crazy_yiuf_cottage

Action                   || total
-------------------------++-------
Melee: Long sword        ||    13
Armor: Scale mail        ||     3
Dodge: Dodged            ||     2
Block: Buckler           ||     1

Table legend: (Time is in decaauts)
 A = Elapsed time spent in this place.
 B = Non-inter-level travel time spent in this place.
 C = Inter-level travel time spent in this place.
 D = Time resting spent in this place.
 E = Time spent auto-exploring this place.
 F = Levels seen in this place.
 G = Mean time per level.
                   A        B        C        D        E       F      G
               +--------+--------+--------+--------+--------+-----+--------+
         Total |    603 |    581 |     22 |      0 |    527 |   2 |  301.5 |
       Dungeon |    603 |    581 |     22 |      0 |    527 |   2 |  301.5 |
               +--------+--------+--------+--------+--------+-----+--------+

Top non-repeatable levels by time:
     D:1: 585 daAuts
     D:2: 17 daAuts
